 Dungeon Crawl Stone Soup version 0.29.1-13-g9f3cf754e1 (webtiles) character file.

Game seed: 3594680154597132005

15 Vulpanium the Chopper (level 2, -2/19 HPs)
             Began as a Tengu Chaos Knight on Jan 21, 2023.
             Was a Plaything of Xom.
             Frozen to death by an endoplasm (5 damage)
             ... on level 1 of the Dungeon.
             The game lasted 00:01:39 (276 turns).

Vulpanium the Chopper (Tengu Chaos Knight)           Turns: 276, Time: 00:01:40

Health: -2/19      AC:  5    Str: 12    XL:     2   Next: 50%
Magic:  3/3        EV: 11    Int: 12    God:    Xom [..*...]
Gold:   21         SH:  5    Dex: 13    Spells: 1/1 levels left

rFire   . . .      SeeInvis .   a - +0 hand axe (chaos)
rCold   . . .      Faith    .   (no shield)
rNeg    + . .      Spirit   .   b - +2 leather armour
rPois   .          Reflect  +   (helmet restricted)
rElec   .          Harm     .   (no cloak)
rCorr   .          Rampage  .   (no gloves)
Will    .....                   (boots unavailable)
Stlth   +.........              d - amulet of reflection
HPRegen 0.06/turn               e - ring of positive energy
MPRegen 0.08/turn               (no ring)

@: no status effects
A: beak, talons 3
a: Renounce Religion


You were on level 1 of the Dungeon.
You worshipped Xom.
You were a toy of Xom.
You visited 1 branch of the dungeon, and saw 1 of its levels.

You collected 21 gold pieces.

Inventory:

Hand Weapons
 a - a +0 hand axe of chaos (weapon)
Armour
 b - a +2 leather armour (worn)
Jewellery
 d - an amulet of reflection (around neck)
 e - a ring of positive energy (left hand)
Miscellaneous
 c - a piece from Xom's chessboard (15/15) (quivered)


   Skills:
 + Level 3.0 Fighting
 + Level 4.1 Axes
 + Level 2.2 Armour
 + Level 1.1 Dodging


You had one spell level left.
You didn't know any spells.
Your spell library was empty.

Dungeon Overview and Level Annotations

Branches:
Dungeon (1/15)

Altars:


Innate Abilities, Weirdness & Mutations

You have a beak for a mouth.
You have claws for feet.


Message History

You hit the goblin.
The goblin goes berserk!
Xom is amused.
You claw the goblin.
You kill the goblin!
You hit the goblin.
The goblin resists with significant effort.
The goblin is severely wounded.
You block the goblin's attack. The goblin completely misses you.
You barely miss the goblin. Your peck misses the goblin.
The goblin is severely wounded.
A kobold comes into view. It is wielding a +0 dagger.
The goblin hits you with a +0 club.
You hit the goblin but do no damage.
The goblin is severely wounded.
The goblin hits you with a +0 club.
You closely miss the goblin.
The goblin is severely wounded.
The goblin hits you with a +0 club.
You barely miss the goblin.
The goblin is severely wounded.
You block the goblin's attack.
You closely miss the goblin. Your peck misses the goblin.
The goblin is severely wounded.
The goblin barely misses you.
You hit the goblin.
You kill the goblin!
You hit the endoplasm.
The endoplasm suddenly seems more agile.
Xom is highly amused!
You punch the endoplasm.
The endoplasm is heavily wounded.
The endoplasm freezes you.
You are frozen.
* * * LOW HITPOINT WARNING * * *
You closely miss the endoplasm. Your peck misses the endoplasm.
The endoplasm is heavily wounded.
The endoplasm freezes you.
You are frozen.
You die... "It's all fun and games until someone loses an eye."

#### .... ### ... ###.
#.. ... #.# .g #.# ..
##.## #.# .# ...# #.#
.# ##
#..#######.##.######
.#
#..#...@JK..).>.....
.#
#..#.#####..########
.# ###...........#
.#######......######.#
....†.........######.#
########.#...........#
#.###.#########
#.....# #######


You could see an endoplasm (agile) and a kobold.

Vanquished Creatures
  A dart slug (D:1)
  3 goblins (D:1)
  A hobgoblin (D:1)
  3 jackals (D:1)
  A frilled lizard (D:1)
  A kobold (D:1)
  2 rats (D:1)
12 creatures vanquished.

Notes
Turn   | Place    | Note
-------+----------+-------------------------------------------
     0 | D:1      | Vulpanium the Tengu Chaos Knight began the quest for the
                  | Orb.
     0 | D:1      | Reached XP level 1. HP: 14/14 MP: 2/2
    20 | D:1      | Found a faded altar of an unknown god.
   180 | D:1      | Reached XP level 2. HP: 19/19 MP: 3/3
   252 | D:1      | Reached skill level 4 in Axes
   276 | D:1      | Frozen to death by an endoplasm

Illustrated notes

Levels and vault maps discovered:
D:1:      minmay_arrival_three_doors, layout_loops_ring, basic_ecumenical_altar

Skill      XL: |  1  2 |
---------------+-------+-----
Axes           | 4 |  4.1
Fighting       | |  3.0
Armour         | |  2.2
Dodging        | |  1.1

Action                   || total
-------------------------++-------
Melee: Hand axe          ||    30
       Punch             ||     2
       Kick              ||     4
Armor: Leather armour    ||     3
Dodge: Dodged            ||    13
Block: Other             ||     5
